Map: Arctic Dream LE

Players

nixom

  • Race: Terran Terran
  • Spawn Location: 11:00

Elendil

  • Race: Protoss Protoss
  • Spawn Location: 12:00

Massa - Winner!

  • Race: Terran Terran
  • League: Platinum
  • Spawn Location: 5:00

qqq - Winner!

  • Race: Zerg Zerg
  • Spawn Location: 6:00

VOD

Have the link to the VOD?

Description

Time

  • Played on: Oct. 12, 2020, 4:31 p.m.
  • Length: 5:19
Show
View Real Time Build Order
Export as new Build Order

nixom Terran 

Build Orders: 2 Factory, Mech 

Get SALT Encoding   

  12  0:00  SCV  
  13  0:12  SCV  
  14  0:17  Supply Depot  
  14  0:24  SCV  
  15  0:38  SCV  
  15  0:40  Barracks  
  16  0:51  SCV  
  17  1:03  SCV  
  18  1:15  SCV  
  19  1:27  SCV  
  19  1:28  Refinery  
  20  1:39  SCV  
  21  1:40  Marine  
  21  1:46  Command Center  
  22  1:49  Supply Depot  
  22  1:52  SCV  
  22  1:53  Refinery  
  23  2:11  Orbital Command  
  23  2:27  Barracks Tech Lab  
  23  2:41  SCV  
  24  2:49  Factory  
  24  2:54  SCV  
  26  3:00  SCV  
  26  3:06  SCV  
  26  3:12  SCV  
  28  3:14  Factory  
  28  3:16  Refinery  
  28  3:18  SCV  
  29  3:24  SCV  
  30  3:27  Command Center  
  30  3:31  SCV  
  31  3:36  SCV, Supply Depot  
  32  3:43  SCV  
  33  3:48  SCV  
  33  3:51  Siege Tank  
  33  3:55  SCV  
  38  3:59  Factory Tech Lab  
  38  4:00  Barracks Tech Lab, SCV  
  38  4:02  Factory  
  39  4:07  SCV  
  39  4:09  Engineering Bay  
  40  4:14  Orbital Command  
  40  4:19  SCV  
  40  4:22  Siege Tank  
  44  4:31  SCV  
  45  4:41  Hellion  
  45  4:43  SCV x2  
  50  4:45  SCV  
  50  4:49  Hellion  
  50  4:51  Marine  
  53  4:55  SCV  
Show
View Real Time Build Order
Export as new Build Order

Elendil Protoss 

Build Orders:  

Get SALT Encoding   

  12  0:00  Probe  
  13  0:13  Probe  
  14  0:17  Pylon  
  14  0:22  Pylon  
  14  0:25  Probe (Chrono Boost)  
  15  0:42  Probe (Chrono Boost), Gateway  
  16  0:47  Assimilator  
  16  0:48  Probe (Chrono Boost)  
  17  0:59  Probe  
  17  1:04  Pylon  
  18  1:11  Probe  
  19  1:23  Probe  
  20  1:29  Cybernetics Core  
  20  1:35  Probe (Chrono Boost)  
  22  1:47  Probe (Chrono Boost)  
  22  1:54  Nexus  
  22  2:01  Probe  
  22  2:05  Stalker (Chrono Boost)  
  22  2:07  Warp Gate  
  24  2:13  Probe  
  25  2:20  Assimilator  
  25  2:27  Gateway  
  25  2:29  Probe  
  26  2:41  Probe  
  27  2:53  Probe  
  27  2:58  Stalker  
  30  3:06  Probe (Chrono Boost)  
  30  3:10  Probe (Chrono Boost)  
  32  3:13  Robotics Facility  
  32  3:16  Probe (Chrono Boost), Adept  
  36  3:20  Probe (Chrono Boost)  
  36  3:21  Probe (Chrono Boost)  
  36  3:25  Pylon  
  37  3:29  Sentry  
  37  3:30  Probe  
  37  3:33  Probe  
  41  3:41  Pylon  
  41  3:42  Probe  
  41  3:45  Probe  
  43  3:54  Probe, Assimilator  
  44  3:55  Assimilator  
  44  3:57  Probe  
  44  4:01  Observer  
  46  4:06  Probe  
  46  4:07  Gateway  
  46  4:08  Gateway  
  46  4:09  Probe  
  48  4:18  Probe  
  48  4:19  Stalker x2  
  48  4:21  Probe  
  25  4:45  Pylon  
  24  4:46  Pylon  
  24  4:52  Probe x2  
  16  5:04  Probe  
Show
View Real Time Build Order
Export as new Build Order

Massa Terran - Winner!

Build Orders:  

Get SALT Encoding   

  12  0:00  SCV  
  13  0:12  SCV  
  14  0:17  Supply Depot  
  14  0:24  SCV  
  15  0:38  SCV  
  15  0:40  Barracks  
  16  0:46  Refinery  
  16  0:50  SCV  
  17  1:03  SCV  
  18  1:15  SCV  
  19  1:27  SCV  
  19  1:29  Reaper  
  22  1:41  Orbital Command  
  21  1:49  Command Center  
  21  2:01  Marine  
  22  2:08  SCV  
  23  2:21  Factory  
  23  2:23  Barracks Reactor  
  23  2:26  Supply Depot  
  23  2:40  Engineering Bay  
  23  2:43  Refinery  
  23  2:48  SCV  
  24  3:00  SCV  
  25  3:06  Widow Mine, Marine x2  
  29  3:16  Starport  
  29  3:24  Marine x2  
  29  3:26  Missile Turret  
  31  3:27  Missile Turret  
  31  3:28  Widow Mine, SCV  
  31  3:30  Orbital Command  
  34  3:37  Missile Turret  
  34  3:40  SCV  
  35  3:42  Marine, Missile Turret  
  35  3:44  Marine  
  37  3:51  Factory Tech Lab  
  37  4:00  Marine  
  37  4:01  Marine, Medivac  
  41  4:03  SCV  
  41  4:04  SCV  
  43  4:15  SCV  
  44  4:42  Marine x2  
  46  4:49  Supply Depot  
  46  4:52  Supply Depot  
  46  5:05  Missile Turret  
Show
View Real Time Build Order
Export as new Build Order

qqq Zerg - Winner!

Build Orders: Hatch First 

Get SALT Encoding   

  12  0:03  Drone  
  13  0:12  Drone  
  14  0:36  Hatchery  
  13  0:43  Drone  
  14  0:57  Spawning Pool  
  14  1:03  Overlord  
  13  1:08  Drone  
  14  1:11  Extractor  
  14  1:14  Drone  
  14  1:22  Drone  
  15  1:29  Drone  
  16  1:45  Drone  
  16  1:46  Queen  
  19  1:53  Queen  
  21  2:00  Drone  
  22  2:03  Drone  
  22  2:08  Drone  
  24  2:12  Drone  
  25  2:28  Drone, Zergling x2  
  25  2:29  Metabolic Boost  
  27  2:31  Drone  
  28  2:41  Overlord  
  27  2:46  Overlord  
  27  2:47  Drone  
  28  3:02  Zergling x10  
  28  3:03  Drone  
  28  3:04  Zergling x2  
  35  3:12  Zergling x2  
  36  3:17  Drone x2  
  36  3:18  Overlord  
  36  3:19  Zergling x2  
  39  3:21  Zergling x2  
  39  3:24  Zergling x2  
  41  3:31  Zergling x2, Overlord  
  41  3:33  Zergling x2  
  43  3:36  Zergling x2  
  43  3:40  Zergling x2  
  45  3:44  Zergling x2  
  45  3:47  Zergling x2  
  47  3:54  Zergling x2  
  48  3:57  Zergling x4  
  48  3:58  Overlord  
  48  3:59  Overlord  
  50  4:06  Zergling x2, Overlord  
  50  4:07  Zergling x2  
  50  4:09  Zergling x2  
  52  4:18  Zergling x2  
  52  4:19  Zergling x2  
  52  4:33  Zergling x2  
  52  4:34  Zergling x6  
  50  5:03  Drone  
Tags
 
Add a new tag
Caveats
  • Supply blocks, unpowered buildings, or Contaminate may cause inaccurate times.
  • Supply counts are checked every 10 seconds.